 Dungeon Crawl Stone Soup version 0.28-a0-948-gee6e0bcda6 (webtiles) character file.

Game seed: 9863032398834237160

384 Gargoyl the Skirmisher (level 6, 0/79 HPs)
             Began as a Gnoll Abyssal Knight on Nov 30, 2021.
             Was a Priest of Lugonu.
             Slain by Duvessa (4 damage)
             ... on level 4 of the Dungeon.
             The game lasted 00:05:40 (4323 turns).

Gargoyl the Skirmisher (Gnoll Abyssal Knight)       Turns: 4323, Time: 00:05:41

Health: 0/79       AC: 23    Str: 14    XL:     6   Next: 77%
Magic:  9/9        EV:  2    Int:  9    God:    Lugonu [***...]
Gold:   123        SH:  0    Dex: 13    Spells: 9/9 levels left

rFire   . . .      SeeInvis .   a - +2 hand axe
rCold   . . .      Faith    .   (no shield)
rNeg    + . .      Spirit   .   (armour currently unavailable)
rPois   +          Reflect  .   (helmet currently unavailable)
rElec   .          Harm     .   (cloak currently unavailable)
rCorr   .          Rampage  .   (gloves currently unavailable)
Will    .....      NoTele   +   (boots currently unavailable)
Stlth   +.........              (no amulet)
HPRegen 0.23/turn               c - ring of positive energy
MPRegen 0.11/turn               (no ring)

@: confused, lethally poisoned (0 -> -23), tree-form, ambrosia-drunk
A: stationary, stasis, torment immunity, boosted hp, (fangs 1), strong nose,
distributed training
a: Renounce Religion, Depart the Abyss, Bend Space, Banish


You were on level 4 of the Dungeon.
You worshipped Lugonu.
Lugonu was most pleased with you.
You were a tree.
You visited 1 branch of the dungeon, and saw 4 of its levels.
You visited the Abyss 1 time.

You collected 123 gold pieces.

Inventory:

Hand Weapons
 a - a +2 hand axe (weapon)
Missiles
 p - 6 poisoned darts (quivered)
 u - 2 throwing nets
Armour
 e - a +2 pair of gloves (melded)
 j - a +0 plate armour (melded)
Jewellery
 c - a ring of positive energy (left branch)
Wands
 q - a wand of mindburst (9)
Scrolls
 b - a scroll of silence
 d - 2 scrolls of magic mapping
 n - a scroll of identify
Potions
 h - 4 potions of brilliance {unknown}
 i - a potion of flight {unknown}


   Skills:
 + Level 6.9 Fighting
 + Level 2.1 Short Blades
 + Level 2.1 Long Blades
 + Level 5.0 Axes
 + Level 2.1 Maces & Flails
 + Level 2.1 Polearms
 + Level 2.1 Staves
 + Level 2.1 Slings
 + Level 2.1 Bows
 + Level 2.1 Crossbows
 + Level 2.1 Throwing
 + Level 5.0 Armour
 + Level 3.3 Dodging
 + Level 2.1 Stealth
 + Level 2.1 Shields
 + Level 2.1 Unarmed Combat
 + Level 2.1 Spellcasting
 + Level 1.6 Conjurations
 + Level 1.6 Hexes
 + Level 1.6 Summonings
 + Level 1.6 Necromancy
 + Level 1.6 Translocations
 + Level 1.6 Transmutations
 + Level 1.6 Fire Magic
 + Level 1.6 Ice Magic
 + Level 1.6 Air Magic
 + Level 1.6 Earth Magic
 + Level 1.6 Poison Magic
 + Level 5.1 Invocations
 + Level 2.1 Evocations


You had 9 spell levels left.
You didn't know any spells.
Your spell library contained the following spells:

 Spells                   Type           Power      Damage    Failure   Level
 Shock                    Conj/Air       12%        1d3       17%         1
 Swiftness                Air            3%         N/A       45%         3
 Airstrike                Air            1%         N/A       86%         4


Dungeon Overview and Level Annotations

Branches:
Dungeon (4/15)
 Temple: D:4-7

Altars:
Qazlal

Annotations:
D:4 Dowan, Duvessa


Innate Abilities, Weirdness & Mutations

You are a tree.
Your roots penetrate the ground, keeping you stationary.
You cannot be teleported.
You are immune to unholy pain and torment.
Your maximum health is greatly increased.
Your equipment is partially melded.
((You have very sharp teeth.))
Your uncanny sense of smell can sniff out nearby items.
Your experience applies equally to all skills.


Message History

Dowan casts a spell.
Dowan blinks!
Duvessa barely misses you.
You hit Duvessa.
Duvessa is moderately wounded.
You feel sick. Duvessa hits you but does no damage.
You are more poisoned.
You attack the rock wall.
You feel less invigorated.
You feel less confused.
You feel sick.
Duvessa hits you with a +2 short sword of venom.
You hit Duvessa.
Duvessa is moderately wounded.
You feel sick.
Duvessa hits you with a +2 short sword of venom.
* * * LOW HITPOINT WARNING * * *
You hit Duvessa.
Duvessa is heavily wounded.
You feel sick. Duvessa hits you but does no damage.
You are more poisoned.
You hit Duvessa.
Duvessa is heavily wounded.
You feel very sick. Duvessa hits you but does no damage.
You are lethally poisoned!
You closely miss Duvessa.
Duvessa is heavily wounded.
* * * LOW HITPOINT WARNING * * *
You feel very sick.
Duvessa hits you with a +2 short sword of venom!
* * * LOW HITPOINT WARNING * * *
You are more poisoned.
You are confused.
You feel invigorated.
* * * LOW HITPOINT WARNING * * *
You feel extremely sick.
Dowan mumbles some strange words.
Dowan blinks!
Duvessa says, "When magic and the sword combine, nothing stands against them."
Duvessa hits you with a +2 short sword of venom.
You die...

∆ #.# ### #.# #§# #
#.# #.# .# ##.#
#.Z#######'.#
...######.§....#♣§..#
.......##.....ge###.#
....##.#.........#
.......'.........+
#...##.#.........#
....##.##.......##
##..##.###.....##
##..##.# ##...##
>......# ##+##


You could see Duvessa and a hobgoblin.

Vanquished Creatures
  2 jellies (D:4)
  4 orc wizards
  A howler monkey skeleton (D:3)
  7 adders
  4 gnolls
  An adder skeleton (D:4)
  A worm (D:2)
  2 dart slugs
  7 orcs
  6 bats
  13 endoplasms
  A giant cockroach (D:2)
  6 goblins
  8 hobgoblins
  17 kobolds
  3 quokkas
  8 ball pythons
  6 frilled lizards
  7 rats
104 creatures vanquished.

Vanquished Creatures (others)
  7 fungi (D:4)
  7 toadstools (D:4)
14 creatures vanquished.

Grand Total: 118 creatures vanquished

Notes
Turn   | Place    | Note
-------+----------+-------------------------------------------
     0 | Abyss:1  | Gargoyl the Gnoll Abyssal Knight began the quest for the
                  | Orb.
     0 | Abyss:1  | Reached XP level 1. HP: 23/23 MP: 3/3
    62 | Abyss:1  | Noticed an efreet
    63 | D:1      | Escaped the Abyss
   122 | D:1      | Reached * piety under Lugonu
   222 | D:1      | Reached XP level 2. HP: 26/29 MP: 5/5
   603 | D:1      | Found a faded altar of an unknown god.
   611 | D:1      | Reached XP level 3. HP: 34/35 MP: 6/6
  1451 | D:2      | Reached skill level 1 in Short Blades
  1451 | D:2      | Reached skill level 1 in Long Blades
  1451 | D:2      | Reached skill level 1 in Maces & Flails
  1451 | D:2      | Reached skill level 1 in Polearms
  1451 | D:2      | Reached skill level 1 in Staves
  1451 | D:2      | Reached skill level 1 in Slings
  1451 | D:2      | Reached skill level 1 in Bows
  1451 | D:2      | Reached skill level 1 in Crossbows
  1451 | D:2      | Reached skill level 1 in Throwing
  1451 | D:2      | Reached skill level 1 in Stealth
  1451 | D:2      | Reached skill level 1 in Shields
  1451 | D:2      | Reached skill level 1 in Unarmed Combat
  1451 | D:2      | Reached skill level 1 in Spellcasting
  1451 | D:2      | Reached skill level 1 in Evocations
  1463 | D:2      | Reached ** piety under Lugonu
  1464 | D:2      | Reached XP level 4. HP: 36/41 MP: 7/7
  2057 | D:3      | Found a stormy altar of Qazlal.
  2083 | D:3      | Reached skill level 1 in Conjurations
  2083 | D:3      | Reached skill level 1 in Hexes
  2083 | D:3      | Reached skill level 1 in Summonings
  2083 | D:3      | Reached skill level 1 in Necromancy
  2083 | D:3      | Reached skill level 1 in Translocations
  2083 | D:3      | Reached skill level 1 in Transmutations
  2083 | D:3      | Reached skill level 1 in Fire Magic
  2083 | D:3      | Reached skill level 1 in Ice Magic
  2083 | D:3      | Reached skill level 1 in Air Magic
  2083 | D:3      | Reached skill level 1 in Earth Magic
  2083 | D:3      | Reached skill level 1 in Poison Magic
  2535 | D:3      | Reached XP level 5. HP: 47/47 MP: 8/8
  3527 | D:4      | Reached skill level 5 in Invocations
  3531 | D:4      | Reached XP level 6. HP: 42/53 MP: 9/9
  3535 | D:4      | Reached *** piety under Lugonu
  3950 | D:4      | Reached skill level 5 in Axes
  3950 | D:4      | Reached skill level 5 in Armour
  4286 | D:4      | Noticed Duvessa
  4287 | D:4      | Noticed Dowan
  4323 | D:4      | Slain by Duvessa

Illustrated notes

Levels and vault maps discovered:
D:1:      dpeg_arrival_windows_large_door, layout_rooms, serial_glass,
          glass_columns_b, glass_columns_a, basic_ecumenical_altar
D:2:      layout_loops_ring, minmay_misc_feat_encased,
          kennysheep_generic_room_13
D:3:      layout_loops_corners, nicolae_qazlal_scattered_showers,
          portal_sewer_entry_d
D:4:      cheibrodos_fertilizer, layout_loops_corners,
          nicolae_ru_great_annihilating_truth, temple_green,
          uniq_crazy_yiuf_cottage, uniq_duvessa, uniq_eustachio

Skill      XL: |  1  2  3  4  5  6 |
---------------+-------------------+-----
Short Blades   | 1 2 |  2.1
Long Blades    | 1 2 |  2.1
Maces & Flails | 1 2 |  2.1
Polearms       | 1 2 |  2.1
Staves         | 1 2 |  2.1
Slings         | 1 2 |  2.1
Bows           | 1 2 |  2.1
Crossbows      | 1 2 |  2.1
Throwing       | 1 2 |  2.1
Stealth        | 1 2 |  2.1
Shields        | 1 2 |  2.1
Unarmed Combat | 1 2 |  2.1
Spellcasting   | 1 2 |  2.1
Evocations     | 1 2 |  2.1
Conjurations   | 1 |  1.6
Hexes          | 1 |  1.6
Summonings     | 1 |  1.6
Necromancy     | 1 |  1.6
Translocations | 1 |  1.6
Transmutations | 1 |  1.6
Fire Magic     | 1 |  1.6
Ice Magic      | 1 |  1.6
Air Magic      | 1 |  1.6
Earth Magic    | 1 |  1.6
Poison Magic   | 1 |  1.6
Dodging        | 3 |  3.3
Invocations    | 5 |  5.1
Axes           | 5 |  5.0
Armour         | 5 |  5.0
Fighting       | |  6.9

Action                   |  1- 3 |  4- 6 || total
-------------------------+-------+-------++-------
Melee: Hand axe          |   113 |   219 ||   332
       Bite              |     7 |    26 ||    33
       Punch             |       |     3 ||     3
Invok: Depart the Abyss  |     1 |       ||     1
       Bend Space        |       |     1 ||     1
  Use: Scroll            |     2 |     9 ||    11
       Potion            |       |     4 ||     4
 Stab: Sleeping          |     1 |       ||     1
Armor: Leather armour    |    46 |       ||    46
       Plate armour      |    16 |   184 ||   200
       Skin              |       |     9 ||     9
Dodge: Dodged            |    96 |    53 ||   149

Table legend: (Time is in decaauts)
 A = Elapsed time spent in this place.
 B = Non-inter-level travel time spent in this place.
 C = Inter-level travel time spent in this place.
 D = Time resting spent in this place.
 E = Time spent auto-exploring this place.
 F = Levels seen in this place.
 G = Mean time per level.
                   A        B        C        D        E       F      G
               +--------+--------+--------+--------+--------+-----+--------+
         Total |   4357 |   4250 |    107 |    536 |   2714 |   5 |  871.4 |
       Dungeon |   4294 |   4187 |    107 |    536 |   2665 |   4 | 1073.5 |
         Abyss |     62 |     62 |      0 |      0 |     49 |   1 |   62.0 |
               +--------+--------+--------+--------+--------+-----+--------+

Top non-repeatable levels by time:
     D:3: 1787 daAuts
     D:2: 1083 daAuts
     D:1: 770 daAuts
     D:4: 654 daAuts
 Abyss:1: 62 daAuts
